 Dungeon Crawl Stone Soup version 0.31.0-32-g396128a36d (webtiles) character file.

Game seed: 3078425703742369571

3376 Artemis2 the Geomancer (level 10, -10/50 HPs)
             Began as a Gargoyle Earth Elementalist on Apr 12, 2024.
             Was an Initiate of Vehumet.
             Mangled by a komodo dragon (20 damage)
             ... on level 7 of the Dungeon on Apr 13, 2024.
             The game lasted 00:38:37 (8605 turns).

Artemis2 the Geomancer (GrEE)                       Turns: 8605, Time: 00:38:38

Health: -10/50     AC: 12    Str: 12    XL:     10   Next: 3%
Magic:  0/15       EV: 12    Int: 20    God:    Vehumet [......]
Gold:   398        SH:  5    Dex: 10    Spells: 4/16 levels left

rFire   . . .        o - +2 short sword (venom)
rCold   . . .        (no shield)
rNeg    + . .        a - +0 robe
rPois   ∞            l - +2 helmet
rElec   +            (no cloak)
rCorr   .            (no gloves)
SInv    +            (no boots)
Will    +....        B - amulet of reflection
Stlth   ++           w - ring of willpower
HPRegen 0.28/turn    C - ring of see invisible
MPRegen 0.14/turn

%: reflection
@: no status effects
A: sickness immunity, AC +7, negative energy resistance 1, electricity
resistance, torment resistance 1, petrification resistance
a: Renounce Religion


You were on level 7 of the Dungeon.
You worshipped Vehumet.
Vehumet was noncommittal.
You visited 2 branches of the dungeon, and saw 9 of its levels.
You also visited: Sewer.

You collected 398 gold pieces.

Inventory:

Hand Weapons
 f - a +0 spear of draining
 o - a +2 short sword of venom (weapon)
 F - a +2 flail of protection
Missiles
 k - 39 poisoned darts
 n - 2 curare-tipped darts
 t - 2 throwing nets
Armour
 a - a +0 robe (worn)
 d - a +3 chain mail
 e - a +0 leather armour
 l - a +2 helmet (worn)
Jewellery
 w - a ring of willpower (left hand)
 y - a ring of willpower
 B - an amulet of reflection (around neck)
 C - a ring of see invisible (right hand)
Wands
 v - a wand of iceblast (8)
 E - a wand of flame (20)
Scrolls
 h - 6 scrolls of teleportation
 q - a scroll of immolation
 s - 2 scrolls of revelation
 x - a scroll of fog
 A - a scroll of vulnerability
Potions
 b - a potion of magic
 c - 2 potions of brilliance {unknown}
 g - 2 potions of haste
 i - 3 potions of heal wounds
 j - 4 potions of might
 m - 2 potions of berserk rage {unknown}
 p - 2 potions of enlightenment
 r - a potion of invisibility {unknown}
 u - 4 potions of curing
 G - a potion of attraction {unknown}


   Skills:
 - Level 0.3 Polearms
 * Level 5.7 Armour
 - Level 1.6 Dodging
 - Level 2.3 Stealth
 - Level 3.5 Spellcasting
 - Level 5.3 Conjurations
 * Level 4.4 Translocations
 - Level 11.0 Earth Magic
 - Level 3.9 Alchemy


You had 4 spell levels left.
You knew the following spells:

 Your Spells              Type           Power      Damage    Failure   Level
a - Sandblast             Erth           94%        2d19      1%          1
b - Stone Arrow           Conj/Erth      72%        3d11      1%          3
c - Brom's Barrelling Bo  Conj/Erth      36%        2d6       4%          4
d - Petrify               Alch/Erth      33%        N/A       6%          4

Your spell library contained the following spells:

 Spells                   Type           Power      Damage    Failure   Level
 Magic Dart               Conj           100%       1d8       1%          1
 Passwall                 Erth           47%        N/A       1%          3
 Blink                    Tloc           42%        N/A       3%          2
 Lesser Beckoning         Tloc           42%        N/A       3%          2
 Kiss of Death            Conj/Necr      56%        2d9       4%          1
 Gell's Gravitas          Tloc           21%        N/A       6%          3
 Teleport Other           Tloc           21%        N/A       6%          3
 Call Imp                 Summ           6%         N/A       21%         2
 Manifold Assault         Tloc           21%        N/A       22%         4
 Passage of Golubria      Tloc           21%        N/A       22%         4
 Confusing Touch          Hex            3%         N/A       38%         3
 Tukima's Dance           Hex            3%         N/A       38%         3
 Dispel Undead            Necr           3%         3d7       80%         4
 Yara's Violent Unravell  Hex/Alch       5%         3d4       86%         5
 Dispersal                Tloc           10%        N/A       97%         6
 Disjunction              Tloc           10%        N/A       100%        8


Dungeon Overview and Level Annotations

Branches:
Dungeon (8/15)             Temple (1/1) D:7           Sewer (visited)
   Lair: D:8-11

Altars:
Ashenzari
Dithmenos
Elyvilon
Fedhas
Gozag
Hepliaklqana
Makhleb
Nemelex Xobeh
Okawaru
Ru
Sif Muna
Trog
Uskayaw
Vehumet
Wu Jian
Xom
Yredelemnul
Zin
The Shining One

Annotations:
D:2 Terence


Innate Abilities, Weirdness & Mutations

You are immune to sickness and miasma.
Your stone body is resilient. (AC +7)
You are immune to poison.
You resist negative energy. (rN+)
You are resistant to electric shocks. (rElec)
You are resistant to unholy torment.
You are immune to petrification.


Message History

Aim: a gnoll, wielding a +0 spear (87% to hit)
The blast of sand hits the gnoll!
You kill the gnoll!
Vehumet accepts your kill. The gnoll closely misses you.
The komodo dragon barely misses you.
You climb upwards.
There is a stone staircase leading down here.
The komodo dragon attacks as it pursues you!
The komodo dragon completely misses you.
There is an open door here.
The komodo dragon attacks as it pursues you!
The komodo dragon bites you!!
Casting: Sandblast (safe; 1% risk of failure)
Confirm with . or Enter, or press ? or * to list all spells.
Aiming: Stone Arrow (safe; 1% risk of failure)
Press: ? - help, Shift-Dir - straight line, f - komodo dragon
Aim: a komodo dragon (81% to hit)
The stone arrow hits the komodo dragon!
The komodo dragon is moderately wounded.
The komodo dragon closely misses you.
Unknown command.
Casting: Stone Arrow (safe; 1% risk of failure)
Confirm with . or Enter, or press ? or * to list all spells.
Aiming: Stone Arrow (safe; 1% risk of failure)
Press: ? - help, Shift-Dir - straight line, f/p - komodo dragon
Aim: a komodo dragon (moderately wounded, 81% to hit)
The stone arrow hits the komodo dragon!
The komodo dragon is severely wounded.
The komodo dragon bites you!!
* * * LOW HITPOINT WARNING * * *
Casting: Stone Arrow (safe; 1% risk of failure)
Confirm with . or Enter, or press ? or * to list all spells.
Aiming: Stone Arrow (safe; 1% risk of failure)
Press: ? - help, Shift-Dir - straight line, f/p - komodo dragon
Aim: a komodo dragon (severely wounded, 81% to hit)
The stone arrow hits the komodo dragon!
The komodo dragon is almost dead.
The komodo dragon bites you!!
You die...

######)#####............#.#[# #.#
######.............>...##.#.# #.#
.................#####.##.#.# #.#
)................#####.##.#.# #..
.###########.....#.....##.#.# #.#
.#......#........#.....##.#)#####
.#.###.##.###....#........#.#....
.#.#....#.# ###'##.>..#####.#.###
.#.#.#..#.# #.@lg...'[(...#.#
.#.#.#..#.# ####....#######.#
##.#.#..#.# ###### #.###
#.#.#..#.# ######### #....
#.#.#..#.# #.......#####....
#.#.#..#.# #.......'........
#.#.#...÷# #.......###......
#.#......#### #.......# ##..#..
#.#.........# #.......###...#..


You could see a komodo dragon and a gnoll.

Vanquished Creatures
  Pikel (D:7)
  Edmund (D:6)
  A water moccasin (D:7)
  2 ice beasts
  An orc warrior (D:7)
  A black bear (D:4)
  A centaur (D:7)
  2 lemures (D:7)
  3 bullfrogs
  6 kobold brigands
  2 gnoll sergeants
  6 scorpions
  2 howler monkeys
  4 bombardier beetles
  A jelly (D:5)
  4 orc priests
  A gnoll bouda (D:7)
  2 hounds
  4 iguanas
  6 orc wizards
  5 adders
  24 gnolls
  2 river rats
  2 shadow imps
  A white imp (D:7)
  8 ufetubi
  2 dart slugs
  19 orcs
  4 bats
  7 endoplasms
  3 giant cockroaches
  3 goblins
  7 hobgoblins
  7 jackals
  59 kobolds
  2 quokkas
  13 ball pythons
  A frilled lizard (D:2)
  5 rats
225 creatures vanquished.

Notes
Turn   | Place    | Note
-------+----------+-------------------------------------------
     0 | D:1      | Artemis2 the Gargoyle Earth Elementalist began the quest
                  | for the Orb.
     0 | D:1      | Reached XP level 1. HP: 10/10 MP: 3/3
   138 | D:1      | Reached skill level 4 in Earth Magic
   160 | D:1      | Found a faded altar of an unknown god.
   176 | D:1      | Reached XP level 2. HP: 15/15 MP: 3/5
   910 | D:2      | Reached XP level 3. HP: 19/19 MP: 4/6
   969 | D:2      | Noticed Terence
   983 | D:2      | Learned a level 3 spell: Stone Arrow
  1634 | D:3      | Reached XP level 4. HP: 24/24 MP: 5/7
  1695 | D:3      | Found a glowing drain.
  1699 | Sewer    | Entered a sewer
  1832 | Sewer    | Noticed a kobold brigand
  1844 | Sewer    | Killed a kobold brigand
  1845 | Sewer    | Reached skill level 1 in Armour
  1845 | Sewer    | Reached skill level 5 in Earth Magic
  1845 | Sewer    | Reached skill level 1 in Alchemy
  1845 | Sewer    | Reached XP level 5. HP: 15/28 MP: 1/9
  1939 | Sewer    | Found a white marble altar of Elyvilon.
  2437 | D:3      | Reached XP level 6. HP: 30/32 MP: 9/11
  2636 | D:4      | Noticed a black bear
  2641 | D:4      | Killed a black bear
  2642 | D:4      | Reached skill level 6 in Earth Magic
  2737 | D:4      | Reached XP level 7. HP: 26/36 MP: 6/12
  3120 | D:4      | Found a sacrificial altar of Ru.
  3120 | D:4      | Found an ornate altar of the Wu Jian Council.
  3122 | D:4      | Found a hide-covered altar of Uskayaw.
  3346 | D:4      | Reached skill level 7 in Earth Magic
  3416 | D:4      | Found a shadowy altar of Dithmenos.
  3639 | D:4      | Found a basalt altar of Yredelemnul.
  3853 | D:5      | Entered Level 5 of the Dungeon
  4290 | D:5      | Reached XP level 8. HP: 41/41 MP: 9/13
  4297 | D:5      | Learned a level 4 spell: Brom's Barrelling Boulder
  4302 | D:5      | Learned a level 4 spell: Petrify
  4361 | D:5      | Reached skill level 8 in Earth Magic
  4841 | D:5      | Reached skill level 9 in Earth Magic
  5739 | D:6      | Noticed Edmund
  5902 | D:6      | Killed Edmund
  5903 | D:6      | Reached skill level 10 in Earth Magic
  6037 | D:6      | Reached skill level 5 in Conjurations
  6037 | D:6      | Reached XP level 9. HP: 45/45 MP: 1/14
  6151 | D:6      | Found an opulent altar of Gozag.
  6937 | D:7      | Reached skill level 11 in Earth Magic
  7183 | D:7      | Reached skill level 1 in Translocations
  7587 | D:7      | Noticed Pikel
  7689 | D:7      | Found a staircase to the Ecumenical Temple.
  7696 | Temple   | Entered the Ecumenical Temple
  7703 | Temple   | Became a worshipper of Vehumet
  8361 | D:7      | Killed Pikel
  8362 | D:7      | Reached skill level 5 in Armour
  8362 | D:7      | Reached XP level 10. HP: 42/50 MP: 0/15
  8605 | D:7      | Mangled by a komodo dragon

Illustrated notes

Levels and vault maps discovered:
D:1:      psy_arrival_heroes, layout_basic, hellmonk_ecumenical_altar_zigzags
D:2:      layout_basic, uniq_terence
D:3:      layout_rooms, gup_sewer_entry_bowl, minmay_strange_pillars
D:4:      layout_basic, nicolae_overflow_quartered_altars, kennysheep_mini
D:5:      minmay_goblin_kobold_castle, layout_loops_ring
D:6:      layout_rooms, grunt_gozag_statues, dreamdust_princess_bridge,
          uniq_edmund
D:7:      layout_basic, minmay_temple_entry_arrows, uniq_pikel
D:8:      layout_cave_pools
Temple:   cyrus_circular_temple

Skill      XL: |  1  2  3  4  5  6  7  8  9 |
---------------+----------------------------+-----
Earth Magic    | 4 5 6 7 10 11 | 11.0
Armour         | 1 5 |  5.7
Spellcasting   | 3 |  3.5
Conjurations   | 2 3 4 5 |  5.3
Alchemy        | 1 2 3 |  3.9
Translocations | 4 |  4.4
Polearms       | |  0.3
Dodging        | |  1.6
Stealth        | |  2.3

Action                     |  1- 3 |  4- 6 |  7- 9 | 10-12 || total
---------------------------+-------+-------+-------+-------++-------
  Melee: Spear             |    18 |    11 |       |       ||    29
         Short sword       |       |     8 |    86 |       ||    94
         Punch             |       |       |     1 |       ||     1
   Cast: Sandblast         |    44 |    58 |   175 |     3 ||   280
         Stone Arrow       |       |     3 |    47 |     5 ||    55
         Petrify           |       |       |     2 |       ||     2
         Brom's Barrelling |       |       |     2 |       ||     2
    Use: Scroll            |     6 |     3 |     3 |     1 ||    13
   Stab: Petrified         |       |       |    17 |       ||    17
 Armour: Robe              |    19 |    35 |   118 |     5 ||   177
  Dodge: Dodged            |    29 |    27 |   115 |     7 ||   178
  Block: Other             |       |       |    29 |     1 ||    30
         Reflection        |       |       |     2 |       ||     2
